3L
SEATTLE ROCKETEERS @ ECHO PARK LAKERS
06/09/2042
 
TOP OF THE 1ST
Seattle Rocketeers batting - Pitching for Echo Park Lakers : RHP Jordan Calhoun
Pitching: RHP Jordan Calhoun
Batting: SHB Lodd Felton 0-0: Called Strike
0-1: Ground out U3 (Groundball, 3, EV 108.1 MPH)
Batting: RHB Jur Prokop 0-0: Called Strike
0-1: Called Strike
0-2: Ball
1-2: SOLO HOME RUN (Flyball, 9LD, EV 90.0 MPH), Distance : 359 ft
Batting: RHB Mathew Mayo 0-0: Ball
1-0: Foul Ball, location: 2F
1-1: Foul Ball, location: 2F
1-2: Ball
2-2: Strikes out swinging
Batting: RHB Gah-fat Liu 0-0: Ball
1-0: Ball
2-0: SOLO HOME RUN (Flyball, 7D, EV 93.1 MPH), Distance : 372 ft
Batting: SHB Yasuhiko Onishi 0-0: Called Strike
0-1: SINGLE (Groundball, 4MD, EV 105.6 MPH)
Batting: SHB Charles Geudre 0-0: Ball
1-0: Ball
2-0: Called Strike
2-1: SINGLE (Line Drive, 56D, EV 105.0 MPH)
Yasuhiko Onishi to second
Batting: RHB Alain Grosjean 0-0: Called Strike
0-1: Called Strike
0-2: Fielders Choice at 2nd, 5-4 (Groundball, 5, EV 106.9 MPH)
Top of the 1st over - 2 runs, 4 hits, 0 errors, 2 left on base; Seattle 2 - Echo Park 0
BOTTOM OF THE 1ST
Echo Park Lakers batting - Pitching for Seattle Rocketeers : LHP Virgil Dickerson
Pitching: LHP Virgil Dickerson
Batting: RHB Ned Lyons 0-0: Swinging Strike
0-1: Swinging Strike
0-2: Foul Ball, location: 2F
0-2: Ball
1-2: Ball
2-2: Strikes out swinging
Batting: RHB Maema Njongmeta 0-0: DOUBLE (Line Drive, 8LXD, EV 103.8 MPH)
Batting: LHB Joe Schreibvogel 0-0: Called Strike
0-1: Ball
1-1: Foul Ball, location: 2F
1-2: DOUBLE (Groundball, 5L, EV 106.9 MPH)
Maema Njongmeta scores
Batting: RHB Ryoma Yamamoto 0-0: Ball
1-0: Ball
2-0: Called Strike
2-1: Ball
3-1: Base on Balls
Batting: LHB Jonathan Winston 0-0: Called Strike
0-1: Grounds into double play, 4-6-3 (Groundball, 4, EV 85.6 MPH)
Bottom of the 1st over - 1 run, 2 hits, 0 errors, 1 left on base; Seattle 2 - Echo Park 1
TOP OF THE 2ND
Seattle Rocketeers batting - Pitching for Echo Park Lakers : RHP Jordan Calhoun
Batting: RHB Mike Case 0-0: Swinging Strike
0-1: Ball
1-1: Called Strike
1-2: Foul Ball, location: 2F
1-2: Strikes out looking
Batting: RHB Guy Toussaint 0-0: Ball
1-0: Called Strike
1-1: Ball
2-1: Ball
3-1: Base on Balls
Batting: SHB Lodd Felton 0-0: Ball
1-0: Swinging Strike
1-1: Foul Ball, location: 2F
1-2: Strikes out swinging
Batting: RHB Jur Prokop 0-0: Ball
1-0: Ball
2-0: Called Strike
2-1: Called Strike
2-2: Ball
3-2: Strikes out swinging
Top of the 2nd over - 0 runs, 0 hits, 0 errors, 1 left on base; Seattle 2 - Echo Park 1
BOTTOM OF THE 2ND
Echo Park Lakers batting - Pitching for Seattle Rocketeers : LHP Virgil Dickerson
Batting: LHB Armando Viņa 0-0: Ball
1-0: Ball
2-0: Swinging Strike
2-1: Ball
3-1: Base on Balls
Batting: LHB Ben Bullock 0-0: Ball
Armando Viņa is caught stealing 2nd base 2-6
1-0: Fly out, F8 (Flyball, 78S, EV 90.0 MPH)
Batting: LHB Jon Kelly 0-0: Called Strike
0-1: Foul Ball, location: 2F
0-2: Foul Ball, location: 2F
0-2: Ground out U3 (Groundball, 3, EV 101.9 MPH)
Bottom of the 2nd over - 0 runs, 0 hits, 0 errors, 0 left on base; Seattle 2 - Echo Park 1
TOP OF THE 3RD
Seattle Rocketeers batting - Pitching for Echo Park Lakers : RHP Jordan Calhoun
Batting: RHB Mathew Mayo 0-0: Foul Ball, location: 2F
0-1: SINGLE (Line Drive, 56, EV 108.8 MPH)
Batting: RHB Gah-fat Liu 0-0: Ball
1-0: Swinging Strike
1-1: Ball
2-1: Foul Ball, location: 2F
2-2: Foul Ball, location: 2F
2-2: Strikes out swinging
Batting: SHB Yasuhiko Onishi 0-0: Called Strike
0-1: Called Strike
0-2: Foul Ball, location: 2F
0-2: Foul Ball, location: 2F
0-2: Ball
1-2: Grounds into double play, 4-6-3 (Groundball, 4, EV 87.5 MPH)
Top of the 3rd over - 0 runs, 1 hit, 0 errors, 0 left on base; Seattle 2 - Echo Park 1
BOTTOM OF THE 3RD
Echo Park Lakers batting - Pitching for Seattle Rocketeers : LHP Virgil Dickerson
Batting: LHB Cal MacKim 0-0: Foul Ball, location: 2F
0-1: Called Strike
0-2: Strikes out swinging
Batting: RHB Ned Lyons 0-0: Ball
1-0: Called Strike
1-1: Foul Ball, location: 2F
1-2: Fly out, F2 (Popup, 15S, EV 90.6 MPH)
Batting: RHB Maema Njongmeta 0-0: Ball
1-0: Foul Ball, location: 2F
1-1: Called Strike
1-2: Ball
2-2: Strikes out swinging
Bottom of the 3rd over - 0 runs, 0 hits, 0 errors, 0 left on base; Seattle 2 - Echo Park 1
TOP OF THE 4TH
Seattle Rocketeers batting - Pitching for Echo Park Lakers : RHP Jordan Calhoun
Batting: SHB Charles Geudre 0-0: Fly out, F8 (Flyball, 8RD, EV 82.5 MPH)
Batting: RHB Alain Grosjean 0-0: Ground out 5-3 (Groundball, 56, EV 86.2 MPH)
Batting: RHB Mike Case 0-0: Foul Ball, location: 2F
0-1: Ball
1-1: SINGLE (Line Drive, 4MD, EV 95.6 MPH)
Batting: RHB Guy Toussaint 0-0: Ball
1-0: Foul Ball, location: 2F
1-1: Called Strike
1-2: Fielders Choice at 2nd, 6-4 (Groundball, 6, EV 101.2 MPH)
Top of the 4th over - 0 runs, 1 hit, 0 errors, 1 left on base; Seattle 2 - Echo Park 1
BOTTOM OF THE 4TH
Echo Park Lakers batting - Pitching for Seattle Rocketeers : LHP Virgil Dickerson
Batting: LHB Joe Schreibvogel 0-0: Called Strike
0-1: Ball
1-1: Ground out 1-3 (Groundball, 23, EV 75.0 MPH)
Batting: RHB Ryoma Yamamoto 0-0: Ball
1-0: DOUBLE (Line Drive, 9LM, EV 100.0 MPH)
Batting: LHB Jonathan Winston 0-0: Ball
1-0: Ball
2-0: Ball
3-0: Called Strike
3-1: Foul Ball, location: 2F
3-2: Fly out, F9 (Flyball, 9, EV 95.6 MPH)
Batting: LHB Armando Viņa 0-0: Ball
1-0: Called Strike
1-1: Fly out, F7 (Flyball, 7LS, EV 74.4 MPH)
Bottom of the 4th over - 0 runs, 1 hit, 0 errors, 1 left on base; Seattle 2 - Echo Park 1
TOP OF THE 5TH
Seattle Rocketeers batting - Pitching for Echo Park Lakers : RHP Jordan Calhoun
Batting: SHB Lodd Felton 0-0: Ball
1-0: Ball
2-0: Bunt missed!
2-1: Ball
3-1: Called Strike
3-2: Foul Ball, location: 2F
3-2: SINGLE (Groundball, 4D, EV 98.8 MPH)
Batting: RHB Jur Prokop 0-0: Ball
1-0: Ball
2-0: Sac Bunt to 2L - play at first, batter OUT! 2-4
Lodd Felton to second
Batting: RHB Mathew Mayo 0-0: Fly out, F6 (Popup, 6MD, EV 68.1 MPH)
Batting: RHB Gah-fat Liu 0-0: Ball
1-0: 2-RUN HOME RUN (Flyball, 7LD, EV 95.6 MPH), Distance : 335 ft
Batting: SHB Yasuhiko Onishi 0-0: Ball
1-0: Ball
2-0: Ball
3-0: Base on Balls
Pitching: RHP Fraser Long
Batting: SHB Charles Geudre 0-0: Ball
1-0: Ball
2-0: Fielders Choice at 2nd, 5-4 (Groundball, 56, EV 79.4 MPH)
Top of the 5th over - 2 runs, 2 hits, 0 errors, 1 left on base; Seattle 4 - Echo Park 1
BOTTOM OF THE 5TH
Echo Park Lakers batting - Pitching for Seattle Rocketeers : LHP Virgil Dickerson
Batting: LHB Ben Bullock 0-0: Ball
1-0: SINGLE (Groundball, 34D, EV 95.0 MPH)
Batting: LHB Jon Kelly 0-0: Ball
1-0: Foul Ball, location: 2F
1-1: Swinging Strike
1-2: Ball
2-2: Strikes out swinging
Batting: LHB Cal MacKim 0-0: Ball
Ben Bullock steals 2nd base
1-0: DOUBLE (Line Drive, 9LM, EV 86.9 MPH)
Ben Bullock scores
Batting: RHB Ned Lyons 0-0: Foul Ball, location: 2F
0-1: Ball
1-1: Ground out 6-3 (Groundball, 6M, EV 85.6 MPH)
Cal MacKim to third
Batting: RHB Maema Njongmeta 0-0: Foul Ball, location: 2F
0-1: Called Strike
0-2: Ball
1-2: Ground out 6-3 (Groundball, 6, EV 88.8 MPH)
Bottom of the 5th over - 1 run, 2 hits, 0 errors, 1 left on base; Seattle 4 - Echo Park 2
TOP OF THE 6TH
Seattle Rocketeers batting - Pitching for Echo Park Lakers : RHP Fraser Long
Batting: RHB Alain Grosjean 0-0: Ball
1-0: Called Strike
1-1: Foul Ball, location: 2F
1-2: Foul Ball, location: 2F
1-2: Fly out, F7 (Flyball, 7LDF, EV 98.1 MPH)
Batting: RHB Mike Case 0-0: Foul Ball, location: 2F
0-1: Called Strike
0-2: Ball
1-2: Ball
2-2: Foul Ball, location: 2F
2-2: Ball
3-2: Foul Ball, location: 2F
3-2: Base on Balls
Batting: RHB Guy Toussaint 0-0: Called Strike
0-1: Ball
1-1: Foul Ball, location: 2F
1-2: Ball
2-2: Fly out, F7 (Flyball, 7LS, EV 88.8 MPH)
Pitching: RHP Craig Wash
Batting: SHB Lodd Felton 0-0: Ball
1-0: Ball
2-0: Ball
3-0: Called Strike
3-1: Ground out U3 (Groundball, 3, EV 100.6 MPH)
Top of the 6th over - 0 runs, 0 hits, 0 errors, 1 left on base; Seattle 4 - Echo Park 2
BOTTOM OF THE 6TH
Echo Park Lakers batting - Pitching for Seattle Rocketeers : LHP Virgil Dickerson
Batting: LHB Joe Schreibvogel 0-0: Ground out 6-3 (Groundball, 6, EV 86.2 MPH)
Batting: RHB Ryoma Yamamoto 0-0: Ball
1-0: Called Strike
1-1: Ball
2-1: Swinging Strike
2-2: SINGLE (Groundball, 6MD, EV 100.0 MPH)
Batting: LHB Jonathan Winston 0-0: Ball
1-0: Foul Ball, location: 2F
1-1: Called Strike
1-2: 2-RUN HOME RUN (Flyball, 78XD, EV 92.5 MPH), Distance : 400 ft
Batting: LHB Armando Viņa 0-0: Ball
1-0: Foul Ball, location: 2F
1-1: Swinging Strike
1-2: Strikes out looking
Batting: LHB Ben Bullock 0-0: Ball
1-0: Ball
2-0: Called Strike
2-1: Reached on error, E3 (Groundball, 34D, EV 106.2 MPH)
Batting: LHB Jon Kelly 0-0: Ball
1-0: Foul Ball, location: 2F
1-1: Called Strike
1-2: Foul Ball, location: 2F
1-2: Ball
2-2: Fly out, F8 (Line Drive, 8LD, EV 90.0 MPH)
Bottom of the 6th over - 2 runs, 2 hits, 1 error, 1 left on base; Seattle 4 - Echo Park 4
TOP OF THE 7TH
Seattle Rocketeers batting - Pitching for Echo Park Lakers : RHP Craig Wash
Batting: RHB Jur Prokop 0-0: Swinging Strike
0-1: Foul Ball, location: 2F
0-2: Strikes out looking
Batting: RHB Mathew Mayo 0-0: Ball
1-0: Ball
2-0: Foul Ball, location: 2F
2-1: Ball
3-1: Base on Balls
Batting: RHB Gah-fat Liu 0-0: Ball
1-0: Ball
2-0: Ball
3-0: Base on Balls
Mathew Mayo to second
Batting: SHB Yasuhiko Onishi 0-0: Foul Ball, location: 2F
0-1: Ball
1-1: Foul Ball, location: 2F
1-2: Strikes out swinging
Batting: SHB Charles Geudre 0-0: Ball
1-0: Ball
2-0: Ball
3-0: Base on Balls
Mathew Mayo to third
Gah-fat Liu to second
Pitching: RHP Chun-mei Bao
Batting: RHB Alain Grosjean 0-0: SINGLE (Groundball, 6MD, EV 98.8 MPH)
Mathew Mayo scores
Gah-fat Liu to third
Charles Geudre to second
Runner from 3rd tries for Home, SAFE, throw by CF to home
Batting: RHB Mike Case 0-0: Ball
1-0: Ball
2-0: Ball
3-0: Called Strike
3-1: Base on Balls
Charles Geudre to third
Alain Grosjean to second
Batting: RHB Guy Toussaint 0-0: Ball
1-0: Ball
2-0: Fielders Choice at 2nd, 5-4 (Groundball, 56, EV 86.9 MPH)
Top of the 7th over - 2 runs, 1 hit, 0 errors, 3 left on base; Seattle 6 - Echo Park 4
BOTTOM OF THE 7TH
Echo Park Lakers batting - Pitching for Seattle Rocketeers : LHP Virgil Dickerson
Batting: LHB Cal MacKim 0-0: Called Strike
0-1: Foul Ball, location: 2F
0-2: Ball
1-2: Fly out, F9 (Flyball, 9, EV 91.2 MPH)
Batting: RHB Ned Lyons 0-0: Called Strike
0-1: Ground out 5-3 (Groundball, 56, EV 83.8 MPH)
Batting: RHB Maema Njongmeta 0-0: Called Strike
0-1: Called Strike
0-2: Ball
1-2: Foul Ball, location: 2F
1-2: Strikes out looking
Bottom of the 7th over - 0 runs, 0 hits, 0 errors, 0 left on base; Seattle 6 - Echo Park 4
TOP OF THE 8TH
Seattle Rocketeers batting - Pitching for Echo Park Lakers : RHP Chun-mei Bao
Batting: SHB Lodd Felton 0-0: Ball
1-0: Called Strike
1-1: Ball
2-1: SINGLE (Line Drive, 8RS, EV 96.2 MPH)
Batting: RHB Jur Prokop 0-0: Bunted foul
0-1: Called Strike
Lodd Felton is caught stealing 2nd base 2-4
0-2: Ball
1-2: Fly out, F7 (Flyball, 7D, EV 91.9 MPH)
Batting: RHB Mathew Mayo 0-0: Ball
1-0: DOUBLE (Line Drive, 78D, EV 99.4 MPH)
Batting: RHB Gah-fat Liu 0-0: Ball
1-0: Called Strike
1-1: Ball
2-1: Ball
3-1: Base on Balls
Pitching: RHP Francisco Esposo
Batting: SHB Yasuhiko Onishi 0-0: Called Strike
0-1: SINGLE (Line Drive, 78S, EV 97.5 MPH)
Mathew Mayo to third
Gah-fat Liu to second
Runner from 3rd tries for Home, SAFE, throw by CF to home
Batting: SHB Charles Geudre 0-0: Swinging Strike
0-1: SINGLE (Line Drive, 8RS, EV 101.9 MPH)
Gah-fat Liu to third
Yasuhiko Onishi to second
Runner from 3rd tries for Home, SAFE, no throw by CF
Batting: RHB Alain Grosjean 0-0: Ball
1-0: Ball
2-0: Called Strike
2-1: Foul Ball, location: 2F
2-2: Foul Ball, location: 2F
2-2: Fielders Choice at 2nd, 5-4 (Groundball, 56, EV 89.4 MPH)
Top of the 8th over - 2 runs, 4 hits, 0 errors, 2 left on base; Seattle 8 - Echo Park 4
BOTTOM OF THE 8TH
Echo Park Lakers batting - Pitching for Seattle Rocketeers : LHP Virgil Dickerson
Pitching: LHP Hermenegildo Beliago
Batting: LHB Joe Schreibvogel 0-0: SOLO HOME RUN (Flyball, 7LD, EV 90.0 MPH), Distance : 347 ft
Batting: RHB Ryoma Yamamoto 0-0: Ball
1-0: Ball
2-0: Foul Ball, location: 2F
2-1: Foul Ball, location: 2F
2-2: Fly out, F3 (Popup, 3, EV 85.0 MPH)
Batting: LHB Jonathan Winston 0-0: Called Strike
0-1: Foul Ball, location: 2F
0-2: Strikes out swinging
Batting: LHB Armando Viņa 0-0: Ball
1-0: Ground out 4-3 (Groundball, 4, EV 98.1 MPH)
Bottom of the 8th over - 1 run, 1 hit, 0 errors, 0 left on base; Seattle 8 - Echo Park 5
TOP OF THE 9TH
Seattle Rocketeers batting - Pitching for Echo Park Lakers : RHP Francisco Esposo
Batting: RHB Mike Case 0-0: Ground out 4-3 (Groundball, 4, EV 88.8 MPH)
Batting: RHB Guy Toussaint 0-0: Ground out 1-3 (Groundball, P, EV 83.8 MPH)
Batting: SHB Lodd Felton 0-0: Foul Ball, location: 2F
0-1: Ball
1-1: Swinging Strike
1-2: Ball
2-2: Strikes out swinging
Top of the 9th over - 0 runs, 0 hits, 0 errors, 0 left on base; Seattle 8 - Echo Park 5
BOTTOM OF THE 9TH
Echo Park Lakers batting - Pitching for Seattle Rocketeers : LHP Hermenegildo Beliago
Pitching: RHP Eugenio Piņeiro
Batting: LHB Ben Bullock 0-0: Called Strike
0-1: Reached on error, E1 (Groundball, P, EV 43.8 MPH)
Batting: LHB Jon Kelly 0-0: Called Strike
0-1: Swinging Strike
0-2: Strikes out swinging
Batting: LHB Cal MacKim 0-0: Called Strike
0-1: SINGLE (Line Drive, 4MD, EV 96.9 MPH)
Ben Bullock to third
Pinch Hitting: LHB Philip Todd 0-0: Ground out 4-3 (Groundball, 34, EV 81.9 MPH)
Ben Bullock scores
Cal MacKim to second
Batting: RHB Maema Njongmeta 0-0: Called Strike
0-1: Ball
1-1: Foul Ball, location: 2F
1-2: Ball
2-2: SINGLE (Line Drive, 7S, EV 108.1 MPH)
Cal MacKim to third
Batting: LHB Joe Schreibvogel 0-0: Foul Ball, location: 2F
0-1: Ball
1-1: SINGLE (Flyball, 9LS, EV 91.2 MPH)
Cal MacKim scores
Maema Njongmeta to second
Runner from 2nd tries for 3rd, SAFE, no throw by RF
Batting: RHB Ryoma Yamamoto 0-0: Ball
1-0: Ball
2-0: Called Strike
2-1: Ground out 1-3 (Groundball, 25, EV 86.2 MPH)
Bottom of the 9th over - 2 runs, 3 hits, 1 error, 2 left on base; Seattle 8 - Echo Park 7
Friday, March 26th, 2021 - OOTP Baseball 20.8 Build 74